 Dungeon Crawl Stone Soup version 0.23.2 (webtiles) character file.

Game seed: 4525460282815054230

235 Menchi the Chiller (level 5, 0/28 HPs)
             Began as a Deep Elf Ice Elementalist on Apr 10, 2019.
             Slain by an orc priest
             ... wielding a +0 short sword
              (8 damage)
             ... on level 4 of the Dungeon.
             The game lasted 00:12:56 (3715 turns).

Menchi the Chiller (Deep Elf Ice Elementalist)      Turns: 3715, Time: 00:12:56

Health: 0/28       AC:  7    Str:  5    XL:     5   Next: 76%
Magic:  2/13       EV: 13    Int: 20    God:
Gold:   150        SH:  0    Dex: 16    Spells: 4/12 levels left

rFire    . . .     SeeInvis +   d - +0 dagger
rCold    . . .     Gourm    .   (no shield)
rNeg     . . .     Faith    .   p - +3 leather armour
rPois    .         Spirit   .   (no helmet)
rElec    .         Reflect  .   o - +0 cloak
rCorr    .         Harm     .   (no gloves)
MR       .....                  (no boots)
Stlth    ++........             (no amulet)
HPRegen  0.09/turn              l - ring of wizardry
MPRegen  0.13/turn              t - ring of see invisible

@: very slightly contaminated
A: no striking features
a: no special abilities


You were on level 4 of the Dungeon.
You were very hungry.

You visited 1 branch of the dungeon, and saw 4 of its levels.

You collected 150 gold pieces.

Inventory:

Hand Weapons
 d - a +0 dagger (weapon)
Armour
 a - a +0 robe
 o - a +0 cloak (worn)
 p - a +3 leather armour (worn)
Jewellery
 l - a ring of wizardry (left hand)
 s - an uncursed ring of fire
 t - a ring of see invisible (right hand)
Wands
 j - a wand of random effects (27)
Scrolls
 b - a scroll of teleportation
 e - a scroll of fog {unknown}
 k - 2 scrolls of fear {unknown}
Potions
 g - 2 potions of curing
 h - 2 potions of degeneration {unknown}
 i - 2 potions of heal wounds {unknown}
 m - a potion of flight {unknown}
 n - 2 potions of lignification {unknown}
 q - a potion of haste
 r - a potion of might {unknown}
Comestibles
 c - 9 rations


   Skills:
 * Level 2.0 Short Blades
 * Level 3.4 Dodging
 * Level 3.2 Stealth
 + Level 4.3 Spellcasting
   Level 1.1 Conjurations
 + Level 2.1 Charms
 * Level 0.5 Summonings
 * Level 4.9 Ice Magic


You had 4 spell levels left.
You knew the following spells:

 Your Spells              Type           Power        Failure   Level  Hunger
a - Freeze                Ice            ###.         1%          1    None
b - Ozocubu's Armour      Chrm/Ice       ###.....     6%          3    ###....
c - Summon Ice Beast      Ice/Summ       ###.....     26%         4    ####...

Your spell library contained the following spells:

 Spells                   Type           Power        Failure   Level  Hunger
 Throw Frost              Conj/Ice       ###...       3%          2    #......
 Throw Icicle             Conj/Ice       ###.....     24%         4    ####...


Dungeon Overview and Level Annotations

Branches:
Dungeon (4/15)
 Temple: D:4-7

Altars:
Gozag
Qazlal


Message History

The orc priest hits your ice beast with a +0 short sword.
Your ice beast hits the orc.
Your ice beast freezes the orc.
The orc dies!
Your ice beast disappears in a puff of smoke!
The orc priest calls down the wrath of Beogh upon you.
Beogh smites you!
Ouch! That really hurt!
An orc priest comes into view. It is wielding a +0 flail.
The orc priest invokes the aid of Beogh against you.
Pain shoots through your body!
* * * LOW HITPOINT WARNING * * *
You hear an angry hiss.
You hear a shout!
Casting: Summon Ice Beast (quite dangerous; 26% risk of failure)
Confirm with . or Enter, or press ? or * to list all spells.
A chill wind blows around you.
The orc priest shouts!
The orc priest casts a cantrip, but nothing happens.
You feel better.
The orc priest hits you with a +0 short sword!
You die...

..._ ...
(.! .<.#
.. ...
###o####..
...)....
#Yo#..
#@#.#
#.#.######
#.......<#
####.#####
#.# #.#
#.# #.#
#.#


You could see 2 orc priests and a friendly ice beast.

Vanquished Creatures
  An orc wizard (D:3)
  3 adders
  A gnoll (D:3)
  An ooze (D:1)
  A worm (D:2)
  5 dart slugs
  A leopard gecko (D:1)
  An orc (D:3)
  5 giant cockroaches
  6 hobgoblins
  A quokka (D:3)
  A ball python (D:3)
  2 bats (D:1)
  3 frilled lizards
  9 goblins
  4 kobolds
  9 rats
54 creatures vanquished.

Vanquished Creatures (collateral kills)
  A howler monkey (D:3)
  An orc priest (D:3)
  Terence (D:3)
  3 adders (D:3)
  3 gnolls (D:3)
  An adder skeleton (D:4)
  A leopard gecko (D:3)
  8 orcs
  A bat (D:3)
  A giant cockroach (D:2)
  2 goblins
  A hobgoblin (D:3)
  3 kobolds
  4 rats (D:3)
31 creatures vanquished.

Grand Total: 85 creatures vanquished

Notes
Turn   | Place    | Note
-------+----------+-------------------------------------------
     0 | D:1      | Menchi the Deep Elf Ice Elementalist began the quest for
                  | the Orb.
     0 | D:1      | Reached XP level 1. HP: 10/10 MP: 6/6
   480 | D:1      | Reached XP level 2. HP: 11/15 MP: 6/8
   935 | D:1      | Reached XP level 3. HP: 19/19 MP: 9/9
   940 | D:1      | Learned a level 3 spell: Ozocubu's Armour
  1649 | D:2      | Reached skill level 1 in Short Blades
  1737 | D:2      | Reached XP level 4. HP: 20/24 MP: 8/11
  1834 | D:2      | Learned a level 4 spell: Summon Ice Beast
  2373 | D:3      | Noticed Terence
  2564 | D:3      | Reached skill level 1 in Charms
  2868 | D:3      | Reached XP level 5. HP: 19/28 MP: 7/13
  3025 | D:3      | Killed Terence
  3468 | D:3      | Found a stormy altar of Qazlal.
  3669 | D:4      | Found an opulent altar of Gozag.
  3713 | D:4      | HP: 1/28 [orc priest/nerve-wracking pain (13)]
  3715 | D:4      | Slain by an orc priest

Skill      XL: |  1  2  3  4  5 |
---------------+----------------+-----
Ice Magic      | 4 |  4.9
Short Blades   | 1 2 |  2.0
Charms         | 1 2 |  2.1
Dodging        | 3 |  3.4
Stealth        | 3 |  3.2
Spellcasting   | 4 |  4.3
Conjurations   | |  1.1
Summonings     | |  0.5

Action                   |  1- 3 |  4- 6 || total
-------------------------+-------+-------++-------
Melee: Dagger            |    35 |    69 ||   104
 Cast: Freeze            |    53 |    15 ||    68
       Ozocubu's Armour  |     3 |     4 ||     7
       Summon Ice Beast  |       |    15 ||    15
  Use: Scroll            |       |     4 ||     4
       Potion            |       |     1 ||     1
 Stab: Sleeping          |     6 |     2 ||     8
       Distracted        |       |     2 ||     2
  Eat: Chunk             |     3 |     5 ||     8
       Ration            |       |     1 ||     1
Armor: Robe              |    15 |       ||    15
       Leather armour    |       |    34 ||    34
Dodge: Dodged            |    29 |    76 ||   105
